 Dungeon Sprint DCSS version 0.32-a0-42-ga30500b4d3 (webtiles) character file.

Game seed: 17134171260334478195

899 rocky1 the Toxicologist (level 8, -18/57 HPs)
             Began as an Octopode Alchemist on Jan 29, 2024.
             Was an Initiate of Gozag.
             Demolished by a death yak (19 damage)
             ... in the Dungeon (Sprint VII: "The Pits").
             The game lasted 00:04:17 (1592 turns).

rocky1 the Toxicologist (Octopode Alchemist)        Turns: 1592, Time: 00:04:18

Health: -18/57     AC:  1    Str:  7    XL:     8   Next: 7%
Magic:  2/16       EV: 15    Int: 17    God:    Gozag
Gold:   1413       SH:  0    Dex: 15    Spells: 6/18 levels left

rFire   . .          .
                       - Unarmed
rCold   . . .        (no shield)
rNeg    . . .        (helmet restricted)
rPois   .            (no amulet)
rElec   .            (no ring)
rCorr   .            (no ring)
SInv    .            (no ring)
Will    .....        (no ring)
Stlth   ++++         (no ring)
HPRegen 0.29/turn    (no ring)
MPRegen 0.15/turn    (no ring)
                     (no ring)

%: no teleportation
@: no status effects
A: almost no armour, amphibious, 8 rings, camouflage 1, gelatinous body 1,
(nimble swimmer 1), tentacles
a: Renounce Religion, Potion Petition, Call Merchant, Bribe Branch


You were in the Dungeon.
You worshipped Gozag.
Gozag was most pleased with you.
You visited 1 branch You collected 1413 gold pieces.

Inventory:

Hand Weapons
 k - a +2 dagger of draining
Scrolls
 h - 2 scrolls of vulnerability
 i - 5 scrolls of amnesia
 j - a scroll of butterflies
Potions
 a - 5 potions of magic
 b - 6 potions of curing
 c - 3 potions of heal wounds
 d - a potion of haste
 g - a potion of invisibility


   Skills:
 * Level 6.2 Fighting
 + Level 5.1 Dodging
 + Level 6.1 Stealth
 * Level 7.8 Unarmed Combat
 + Level 5.6 Spellcasting
 + Level 2.3 Conjurations
 * Level 4.3 Fire Magic
 * Level 4.4 Air Magic
 + Level 9.9 Alchemy


You had 6 spell levels left.
You knew the following spells:

 Your Spells              Type           Power      Damage    Failure   Level
a - Sting                 Conj/Alch      100%       1d9       1%          1
b - Mephitic Cloud        Conj/Alch/Air  23%        N/A       4%          3
c - Olgreb's Toxic Radia  Alch           38%        N/A       2%          4
d - Sticky Flame          Fire/Alch      29%        2d7       7%          4

Your spell library contained the following spells:

 Spells                   Type           Power      Damage    Failure   Level
 Mercury Vapours          Alch/Air       58%        N/A       1%          2


Dungeon Overview and Level Annotations

Branches:
Dungeon (1/1)

Altars:
Ashenzari
Cheibriados
Dithmenos
Elyvilon
Fedhas
Gozag
Hepliaklqana
Kikubaaqudgha
Makhleb
Nemelex Xobeh
Okawaru
Qazlal
Ru
Sif Muna
Trog
Uskayaw
Vehumet
Wu Jian
Xom
Yredelemnul
Zin
The Shining One
Jiyva
Lugonu


Innate Abilities, Weirdness & Mutations

You cannot wear most types of armour.
You are amphibious.
You can wear up to eight rings at the same time.
Your skin changes colour to match your surroundings (Stealth+).
Your rubbery body absorbs attacks. (AC +1, EV +1)
((You are camouflaged when in or above water. (Stealth+)))
You have tentacles for arms and can constrict up to eight enemies at once.


Message History

The death yak is no longer distracted by gold.
Your squeeze misses the death yak.
The death yak is severely wounded.
The death yak closely misses you.
You barely miss the death yak.
Your tentacle-slap misses the death yak.
The death yak is severely wounded.
The death yak closely misses you.
You catch the helpless death yak completely off-guard!
You tentacle-slap the death yak but do no damage.
You squeeze the death yak, but do no damage.
The death yak is severely wounded.
You flicker for a moment.
You tentacle-slap the death yak.
The death yak is severely wounded.
You tentacle-slap the death yak.
The death yak is severely wounded.
The death yak gores you.
You bludgeon the death yak!
You squeeze the death yak, but do no damage.
The death yak is almost dead.
The death yak gores you but does no damage.
You tentacle-slap the death yak. x2
The death yak is almost dead.
The death yak misses you.
You catch the helpless death yak completely off-guard!
You tentacle-slap the death yak.
You squeeze the death yak, but do no damage.
The death yak is almost dead.
The death yak gores you!!
* * * LOW HITPOINT WARNING * * *
You tentacle-slap the death yak but do no damage.
The death yak is almost dead.
You flicker back into view.
The death yak misses you.
You barely miss the death yak.
The death yak is almost dead.
The death yak gores you!!
You die...
Your body crumbles into a pile of gold.

#.#..########...<...#
#.#..'.)))[##.......#
#.#..#.)).[##.......#
#'###########.......#
#.......#..##########
#...#...#.######
#...#...#.#....#
#.##.##.#)#$...#
#...#...#.@Y...+
#...#...#'#....#
#....)..'.#....#
################


You could see a death yak (very poisoned).

Vanquished Creatures
  An ice devil (D)
  A glass eye (D)
  An orc warrior (D)
  An ogre (D)
  A phantom (D)
  A brain worm (D)
  A quasit (D)
  A jelly (D)
  A gnoll bouda (D)
  5 gnolls (D)
  An adder (D)
  A white imp (D)
  2 ufetubi (D)
  A ball python (D)
  A goblin (D)
  A hobgoblin (D)
  4 kobolds (D)
  A ball python skeleton (D)
  A rat (D)
27 creatures vanquished.

Notes
Turn   | Place    | Note
-------+----------+-------------------------------------------
     0 | D        | rocky1 the Octopode Alchemist began the quest for the Orb.
     0 | D        | Reached XP level 1. HP: 11/11 MP: 3/3
    40 | D        | Found a bloodstained altar of Trog.
    40 | D        | Found a shimmering blue altar of Sif Muna.
    40 | D        | Found a viscous altar of Jiyva.
    40 | D        | Found a hazy altar of Hepliaklqana.
    40 | D        | Found an opulent altar of Gozag.
    41 | D        | Found a glowing golden altar of the Shining One.
    41 | D        | Found a glowing silver altar of Zin.
    41 | D        | Found a basalt altar of Yredelemnul.
    41 | D        | Found a shimmering altar of Xom.
    41 | D        | Found an ornate altar of the Wu Jian Council.
    41 | D        | Found a sacrificial altar of Ru.
    41 | D        | Found a stormy altar of Qazlal.
    41 | D        | Found an iron altar of Okawaru.
    41 | D        | Found a sparkling altar of Nemelex Xobeh.
    41 | D        | Found a burning altar of Makhleb.
    41 | D        | Found a blossoming altar of Fedhas.
    41 | D        | Found a white marble altar of Elyvilon.
    41 | D        | Found a shadowy altar of Dithmenos.
    41 | D        | Found a snail-covered altar of Cheibriados.
    44 | D        | Found a corrupted altar of Lugonu.
    44 | D        | Found a radiant altar of Vehumet.
    45 | D        | Found an ancient bone altar of Kikubaaqudgha.
    45 | D        | Found a hide-covered altar of Uskayaw.
    45 | D        | Found a broken altar of Ashenzari.
    48 | D        | Became a worshipper of Gozag Ym Sagoz the Greedy
    65 | D        | Reached skill level 1 in Fighting
    65 | D        | Reached skill level 4 in Alchemy
    68 | D        | Reached XP level 2. HP: 15/18 MP: 1/5
   151 | D        | Noticed a glass eye
   172 | D        | Killed a glass eye
   173 | D        | Reached skill level 8 in Alchemy
   173 | D        | Reached XP level 3. HP: 27/27 MP: 4/8
   173 | D        | Reached XP level 4. HP: 34/34 MP: 5/10
   173 | D        | Reached XP level 5. HP: 38/38 MP: 5/11
   185 | D        | Reached skill level 5 in Stealth
   254 | D        | Learned a level 3 spell: Mephitic Cloud
   259 | D        | Learned a level 4 spell: Olgreb's Toxic Radiance
   264 | D        | Learned a level 4 spell: Sticky Flame
   276 | D        | Noticed a phantom
   307 | D        | Killed a phantom
   308 | D        | Reached skill level 1 in Fire Magic
   308 | D        | Reached skill level 1 in Air Magic
   308 | D        | Reached XP level 6. HP: 45/45 MP: 12/12
   314 | D        | Reached skill level 5 in Fighting
   323 | D        | Reached skill level 5 in Unarmed Combat
   323 | D        | Reached skill level 9 in Alchemy
   325 | D        | Reached skill level 5 in Spellcasting
   384 | D        | Reached XP level 7. HP: 28/50 MP: 14/14
   998 | D        | HP: 1/50 [orc warrior/+0 halberd (17)]
  1566 | D        | Noticed a death yak
  1566 | D        | Noticed an ice devil
  1576 | D        | Killed an ice devil
  1577 | D        | Reached skill level 5 in Dodging
  1577 | D        | Reached XP level 8. HP: 25/57 MP: 0/16
  1590 | D        | HP: 1/57 [death yak (25)]
  1592 | D        | Demolished by a death yak

Illustrated notes

Levels and vault maps discovered:
D:        pitsprint [storerooms_1, entrance_room_1, metal_vault_6, armoury_2,
          mini_pit_1, grid_room_1, main_hall_1, silver_pit, the_coven_3,
          the_vestibule_1, steel_vault_2, golden_pit, hallway_of_sentries,
          crystal_vault_1, iron_vault_1, final_vault]

Skill      XL: |  1  2  3  4  5  6  7 |
---------------+----------------------+-----
Fighting       | 1 4 5 6 |  6.2
Stealth        | 3 4 5 6 |  6.1
Alchemy        | 4 8 9 |  9.9
Dodging        | 3 4 5 |  5.1
Unarmed Combat | 4 5 7 |  7.8
Spellcasting   | 4 5 |  5.6
Conjurations   | 2 |  2.3
Fire Magic     | 1 3 4 |  4.3
Air Magic      | 1 2 4 |  4.4

Action                     |  1- 3 |  4- 6 |  7- 9 || total
---------------------------+-------+-------+-------++-------
  Melee: Unarmed           |    15 |    40 |    41 ||    96
         Tentacles         |     9 |    10 |    11 ||    30
         Constrict         |     4 |     9 |     4 ||    17
         Punch             |       |     1 |     4 ||     5
   Cast: Sting             |     8 |     6 |     6 ||    20
         Olgreb's Toxic Ra |       |       |     2 ||     2
         Sticky Flame      |       |       |     2 ||     2
    Use: Potion            |       |     4 |     3 ||     7
         Scroll            |       |       |     1 ||     1
   Stab: Invisible         |       |       |     3 ||     3
         Sleeping          |       |       |     1 ||     1
 Armour: Skin              |     1 |    30 |    10 ||    41
  Dodge: Dodged            |     7 |    40 |    22 ||    69

Table legend: (Time is in decaauts)
 A = Elapsed time spent in this place.
 B = Non-inter-level travel time spent in this place.
 C = Inter-level travel time spent in this place.
 D = Time resting spent in this place.
 E = Time spent auto-exploring this place.
 F = Levels seen in this place.
 G = Mean time per level.
                   A        B        C        D        E       F      G
               +--------+--------+--------+--------+--------+-----+--------+
         Total |   1609 |   1589 |     20 |   1205 |      0 |   1 | 1609.0 |
       Dungeon |   1609 |   1589 |     20 |   1205 |      0 |   1 | 1609.0 |
               +--------+--------+--------+--------+--------+-----+--------+

Top non-repeatable levels by time:
       D: 1609 daAuts
